[Event "Late-Titled-Tuesday-Blitz-April-16-2024"]
[Site "Chess.com"]
[Date "2024.04.16"]
[Round "5"]
[White "GiorgianBarbosa"]
[Black "manitodeplomo"]
[Result "1-0"]
[WhiteElo "2466"]
[BlackElo "2629"]
[TimeControl "180+1"]
[EndTime "14:53:49 PDT"]
[Termination "GiorgianBarbosa won on time"]

1. e4 Nf6 2. e5 Nd5 3. c4 Nb6 4. d4 d6 5. exd6 cxd6 6. Nc3 e5 7. dxe5 dxe5 8. Qxd8+ Kxd8 9. Be3 Be6 10. O-O-O+ N8d7 11. Nd5 Rc8 12. Nxb6 axb6 13. Bxb6+ Ke8 14. Be3 b5 15. Kb1 bxc4 16. Ne2 Bc5 17. Nc3 Bxe3 18. fxe3 Nf6 19. Be2 Ke7 20. Bf3 Rhd8 21. Rxd8 Rxd8 22. Rd1 Rxd1+ 23. Bxd1 Nd5 24. Nxd5+ Bxd5 25. g3 f5 26. Kc2 g5 27. Kc3 Kd6 28. Be2 Kc5 29. a4 f4 30.
exf4 exf4 31. gxf4 gxf4 32. a5 f3 33. Bf1 f2 34. h4 h6 35. h5 Bf7 36. Be2 Bxh5 37.
Bxc4 Bf3 38. b4+ Kd6 39. Bf1 h5 40. Kd4 Bc6 41. Ke3 h4 42. Kxf2 Kd5 43. Ke3 Kd6 44.
Kf4 Bd7 45. Bg2 h3 46. Bh1 h2 47. Kg3 Ke5 48. a6 1-0

[Event "Late-Titled-Tuesday-Blitz-April-16-2024"]
[Site "Chess.com"]
[Date "2024.04.16"]
[Round "5"]
[White "rajesh1464"]
[Black "Speed-O-Sonic"]
[Result "1-0"]
[WhiteElo "2396"]
[BlackElo "2531"]
[TimeControl "180+1"]
[EndTime "14:53:49 PDT"]
[Termination "rajesh1464 won by resignation"]

1. d4 d5 2. c4 e6 3. Nc3 c5 4. Nf3 cxd4 5. Nxd4 e5 6. Nc2 d4 7. Nd5 Nf6 8. Bg5 Be6 9. e4 h6 10. Bxf6 gxf6 11. Bd3 Nc6 12. O-O Be7 13. f4 Qd6 14. f5 Bxd5 15. cxd5 Nb4 16. Bb5+ Kf8 17. Ne1 Qb6 18.
Ba4 Rc8 19. a3 Na6 20. b4 Nc7 21. Rc1 Kg7 22. Nd3 Nb5 23. Qg4+ Kh7 24. Qh5 Kg7 25. Rce1 Nc3 26. Bb3 Bd6 27. Rf3 Kf8 28. Rg3 Ke7 29.
Rg7 Rcf8 30. Nc5 Rhg8 31. Rxg8 Rxg8 32. Nd7 Qc7 33. Nc5 Qb6 34. Nd3 a5 35. Qxh6 axb4 36. axb4 Bxb4 37. Qh7 Rf8 38. Ba4 Bd6 39. g4 Nxa4 40.
g5 Kd7 41. g6 Qb3 42. g7 Qxd3 43. gxf8=Q Bxf8 44.
Qxf7+ Be7 45. Qe6+ Kd8 46. d6 Qa3 47. Qxe7+ 1-0

[Event "Late-Titled-Tuesday-Blitz-April-16-2024"]
[Site "Chess.com"]
[Date "2024.04.16"]
[Round "5"]
[White "shirovin"]
[Black "duone"]
[Result "0-1"]
[WhiteElo "2039"]
[BlackElo "2316"]
[TimeControl "180+1"]
[EndTime "14:53:49 PDT"]
[Termination "duone won on time"]

1. e4 c5 2. Nf3 d6 3. d4 cxd4 4. Nxd4 Nf6 5. Nc3 a6 6. Be3 e5 7. Nb3 Be7 8. Qd2 Be6 9. f3 h5 10. O-O-O Nbd7 11. Kb1 b5 12. Nd5 Nxd5 13. exd5 Bf5 14.
Bd3 Bxd3 15. Qxd3 Bg5 16. Bf2 O-O 17. h4 Be7 18. g4 hxg4 19. fxg4 a5 20. g5 a4 21. Nd2 b4 22. Ne4 b3 23. cxb3 axb3 24. a3 Qc7 25. Rc1 Qb7 26. h5 f5 27. gxf6 Nxf6 28. Nxf6+ Rxf6 29. Bh4 Rf4 30. Bxe7 Qxe7 31. h6 e4 32. Qd4 Qf6 33. Qxf6 Rxf6 34. hxg7 Kxg7 35.
Rcg1+ Rg6 36. Re1 Re8 37. Re3 Rg5 38. Rd1 Kf6 39. Kc1 Ke5 40. Rxb3 Rc8+ 41. Kb1 Rg2 42.
Rb4 Rcc2 43. a4 e3 44. a5 Rcd2 45. Re1 e2 46. Kc1 Rxd5 47. a6 Rf2 48. Rb3 Kf4 49.
Rb4+ Ke3 50. Rb7 Rf1 51. Re7+ Re5 52. Rxe5+ dxe5 53. a7 Rxe1+ 54. Kc2 Ra1 0-1

[Event "Late-Titled-Tuesday-Blitz-April-16-2024"]
[Site "Chess.com"]
[Date "2024.04.16"]
[Round "5"]
[White "Akhayan"]
[Black "th3d4rkness"]
[Result "1-0"]
[WhiteElo "2403"]
[BlackElo "2141"]
[TimeControl "180+1"]
[EndTime "14:53:50 PDT"]
[Termination "Akhayan won on time"]

1. e4 c5 2. Nf3 Nc6 3. Nc3 a6 4.
d4 cxd4 5. Nxd4 e5 6. Nf5 d6 7.
Bc4 Be6 8. Bb3 g6 9. Ne3 Nd4 10. Ncd5 Nxb3 11. axb3 Nf6 12. Nxf6+ Qxf6 13. Nd5 Qd8 14.
Be3 Bxd5 15. Qxd5 Qc7 16. O-O Be7 17. Bh6 Rc8 18. Kh1 Qc6 19. Qa5 g5 20. Qd2 f5 21.
Bxg5 Qxe4 22. Bxe7 Kxe7 23. Qg5+ Ke6 24. Rae1 Qg4 25.
Qh6+ Qg6 26. Qd2 Rhg8 27. Rg1 Rc6 28. c4 b5 29. Qd5+ Kd7 30. cxb5 axb5 31. Qxb5 Rc8 32. Rd1 Rc7 33. Qxe5 Kc8 34. Qe2 Rc2 35. Qa6+ Kd7 36. Qb5+ Kc8 37. Ra1 R2c6 38. Ra8+ Kd7 39. Qb8 Rc8 40.
Qb7+ R8c7 41. Qb5 f4 42. Rc1 f3 43. gxf3 Qf6 44. Kg2 Qg6+ 45. Kf1 Qe6 46. Rxc6 Qh3+ 47. Ke2 Qe6+ 48. Kd1 Rxc6 49. Ra7+ Kd8 50. Qxc6 Qxb3+ 51. Qc2 Qd5+ 52. Qd2 Qxf3+ 53. Ke1 1-0

[Event "Late-Titled-Tuesday-Blitz-April-16-2024"]
[Site "Chess.com"]
[Date "2024.04.16"]
[Round "5"]
[White "IsaqueGoncalvesSanto"]
[Black "Chempiblinka"]
[Result "1-0"]
[WhiteElo "1892"]
[BlackElo "2353"]
[TimeControl "180+1"]
[EndTime "14:53:50 PDT"]
[Termination "IsaqueGoncalvesSanto won on time"]

1. d4 d5 2. c4 e6 3. Nc3 Nf6 4. Nf3 Nbd7 5. Bg5 Be7 6. cxd5 exd5 7. e3 c6 8. Bd3 h6 9. Bh4 Nh5 10. Bxe7 Qxe7 11. O-O O-O 12. Rb1 a5 13. a3 Nhf6 14. b4 Re8 15. Qc2 Ne4 16. Rfc1 Ndf6 17. Ne5 Nxc3 18.
Qxc3 Ne4 19. Qb3 Nd6 20. b5 cxb5 21. Bxb5 Rd8 22. Qxd5 Be6 23. Qf3 Bf5 24. Rb3 f6 25. Bc4+ Kh7 26. Ng4 Nxc4 27. Qxf5+ g6 28. Qxf6 Qxf6 29.
Nxf6+ Kg7 30. Nh5+ gxh5 31. Rxc4 Rd7 32. Kf1 Rb8 33.
Rb6 Rf8 34. Ke2 Rf5 35. f3 Rg5 36. g3 h4 37. Kf2 hxg3+ 38. hxg3 Rh5 39. Kg2 Rhd5 40.
a4 h5 41. Rb5 Rxb5 42. axb5 Kg6 43. b6 Rd6 44. Rc5 Rxb6 45. Rxa5 Rb3 46. Kh3 Rxe3 47. f4 1-0

[Event "Late-Titled-Tuesday-Blitz-April-16-2024"]
[Site "Chess.com"]
[Date "2024.04.16"]
[Round "5"]
[White "SmirnovTimofey2000"]
[Black "carloseduar100"]
[Result "0-1"]
[WhiteElo "1979"]
[BlackElo "2240"]
[TimeControl "180+1"]
[EndTime "14:53:51 PDT"]
[Termination "carloseduar100 won on time"]

1. d4 d5 2. Bf4 e6 3. e3 a6 4. c3 Nf6 5. Nd2 Nbd7 6. h3 c5 7. Ngf3 b5 8. Ne5 Bb7 9. Be2 Be7 10.
O-O O-O 11. Ndf3 Ne4 12. a4 b4 13. Nxd7 Qxd7 14. Ne5 Qc8 15. f3 Nd6 16. cxb4 cxb4 17. Rc1 Qd8 18. Nc6 Bxc6 19. Rxc6 a5 20. b3 Rc8 21. Qc2 Nf5 22. Rc1 Rxc6 23. Qxc6 g5 24. Bc7 Qa8 25. Kf2 Bf6 26. Bd3 Ne7 27. Qd6 Rc8 28.
Bb5 Nf5 29. Qd7 Bd8 30. Qe8+ Kg7 31. Be5+ Kg6 32. Qg8+ Kh6 33. Qf8+ Kg6 34. Qg8+ Kh6 35. Qf8+ Kh5 36. Qxf7+ Kh6 37. Qf8+ Kg6 38. Qg8+ Kh5 39.
Be8+ Kh4 40. g3+ Kxh3 41. g4 Nh4 42. Qxh7 Rxc1 0-1

[Event "Late-Titled-Tuesday-Blitz-April-16-2024"]
[Site "Chess.com"]
[Date "2024.04.16"]
[Round "5"]
[White "Nf3c5"]
[Black "micke12a"]
[Result "1-0"]
[WhiteElo "2651"]
[BlackElo "2444"]
[TimeControl "180+1"]
[EndTime "14:53:52 PDT"]
[Termination "Nf3c5 won on time"]

1. e4 c5 2. Nc3 a6 3. d4 cxd4 4.
Qxd4 Nc6 5. Qe3 g6 6. Bd2 Bg7 7. O-O-O Nf6 8. Nd5 O-O 9. Bc3 Ng4 10. Qg3 Bxc3 11. Nxc3 d6 12. h4 h5 13. Be2 Qb6 14. Bxg4 Bxg4 15. f3 Be6 16. Nge2 Qe3+ 17. Kb1 b5 18. Qf4 Qxf4 19. Nxf4 Kg7 20. Rhg1 Ne5 21.
b3 Rac8 22. Nxe6+ fxe6 23. Ne2 b4 24. Nd4 Kf7 25. Kb2 Rc3 26. a3 a5 27. axb4 axb4 28.
Ra1 Rfc8 29. Rgd1 Nd7 30. Rd2 Nb6 31. Ra7 e5 32. Nb5 Ke6 33. Ra6 R8c6 34. Kb1 R3c5 35.
Na7 Nc4 36. Nxc6 Nxd2+ 37. Kb2 Nf1 38. Nxb4 Ne3 39. g3 Nf1 40. g4 Nh2 41. gxh5 gxh5 42. Ra7 Nxf3 43. Nd5 Rxd5 44. exd5+ Kxd5 45. Rxe7 Nxh4 46. c4+ Kc5 47. Kc3 Nf3 48. b4+ Kc6 49. b5+ Kb6 50. Kb4 h4 51. Rd7 h3 52. Rxd6+ Kc7 53. Rh6 h2 54. c5 e4 55. Rh7+ Kd8 56. b6 e3 57. b7 1-0

[Event "Late-Titled-Tuesday-Blitz-April-16-2024"]
[Site "Chess.com"]
[Date "2024.04.16"]
[Round "5"]
[White "temus_galaktionov"]
[Black "only_strong_moves"]
[Result "1-0"]
[WhiteElo "2870"]
[BlackElo "2672"]
[TimeControl "180+1"]
[EndTime "14:53:54 PDT"]
[Termination "temus_galaktionov won by resignation"]

1. d4 Nf6 2. Nf3 e6 3. c4 d5 4. Nc3 c5 5. cxd5 cxd4 6. Nxd4 Nxd5 7. Bd2 Be7 8. e4 Nxc3 9. Bxc3 O-O 10. Be2 Bd7 11. O-O Nc6 12. Rc1 Bf6 13. Nxc6 Bxc6 14. e5 Be7 15. Qc2 Qb6 16. Bd3 h6 17. Rfd1 Rfd8 18.
Qe2 Rac8 19. Bb1 Bg5 20. Rxd8+ Rxd8 21. Rd1 Bd5 22. g3 Be7 23. Qc2 Bc5 24. b4 Bxb4 25. Bxb4 Qxb4 26. Qh7+ Kf8 27. Qh8+ Ke7 28. Qxg7 Qc3 29.
Qf6+ Ke8 30. Be4 b5 31. h4 Rd7 32. Bxd5 Rxd5 33. Rf1 h5 34. Qh8+ Ke7 35. Qxh5 Rxe5 36. Qh6 Rf5 37. Rc1 Qd4 38. Rf1 Qg4 39. Qe3 a5 40.
Qa7+ Kf6 41. Qxa5 Rf3 42. Qd8+ Kg7 43. Qd6 f6 44. Kg2 Rc3 45. Re1 Rc4 46. Qxe6 Qxe6 47.
Rxe6 b4 48. Rb6 Rc2 49. Rxb4 Rxa2 50. Rf4 Ra5 51. g4 Kg6 52. Kg3 Re5 53. f3 Ra5 54.
Rd4 Ra1 55. h5+ Kh6 56. Kf4 Re1 57. Kf5 1-0

[Event "Late-Titled-Tuesday-Blitz-April-16-2024"]
[Site "Chess.com"]
[Date "2024.04.16"]
[Round "5"]
[White "CaspiIsrael"]
[Black "Rawnsdale"]
[Result "0-1"]
[WhiteElo "2710"]
[BlackElo "2498"]
[TimeControl "180+1"]
[EndTime "14:53:55 PDT"]
[Termination "Rawnsdale won by checkmate"]

1. d4 d5 2. c4 e6 3. Nf3 Be7 4. g3 Nf6 5. Bg2 O-O 6. O-O dxc4 7. Ne5 Qd6 8. Nxc4 Qa6 9. b3 Rd8 10. e3 c5 11. Ba3 Nc6 12. Qc1 cxd4 13. Bxe7 Nxe7 14.
Rd1 Bd7 15. Rxd4 Bc6 16. Rxd8+ Rxd8 17. Bxc6 Nxc6 18. Nc3 b5 19. Nd2 Ne5 20. Nce4 Nd5 21. Qc5 Nd3 22. Qd4 N3b4 23. Qb2 h6 24. a3 Nc6 25. Rc1 Qb6 26. Nc5 b4 27. a4 Nc3 28.
Nde4 Ne5 29. Nxc3 Qxc5 30. Ne2 Qd5 31. Nf4 Qe4 32. Qc2 Qa8 33. h3 g5 34. Nh5 Nf3+ 35.
Kh1 Nd4+ 36. Kh2 Nxc2 37. Rxc2 Qf3 38. g4 Kh7 39. Ng3 Kg6 40. Ra2 Rd1 41. a5 Rb1 42. Rd2 Rxb3 43. Kg1 Rb1+ 44. Kh2 b3 45. a6 b2 46. e4 Rh1+ 47. Nxh1 b1=Q 48. Ng3 Qe1 49. Rb2 Qexf2+ 50. Rxf2 Qxf2+ 51. Kh1 Qb6 52. e5 Qxa6 53. Kg2 Qa2+ 54. Kf3 a5 55. Ne4 Qd5 56. Ke3 Qxe5 57. h4 gxh4 58. Kf3 a4 59. g5 hxg5 60. Nf2 Qf4+ 61.
Kg2 Qxf2+ 62. Kh3 a3 63. Kg4 Qg3# 0-1

[Event "Late-Titled-Tuesday-Blitz-April-16-2024"]
[Site "Chess.com"]
[Date "2024.04.16"]
[Round "5"]
[White "BardArtem"]
[Black "Vahe_Danielyan"]
[Result "1-0"]
[WhiteElo "2833"]
[BlackElo "2642"]
[TimeControl "180+1"]
[EndTime "14:53:57 PDT"]
[Termination "BardArtem won on time"]

1. e4 c6 2. d4 d5 3. exd5 cxd5 4. Bd3 Nc6 5. c3 e6 6. Bf4 Bd6 7. Bxd6 Qxd6 8. Nf3 Nge7 9. O-O O-O 10. Re1 f6 11. Qe2 Ng6 12. Bxg6 hxg6 13. Nbd2 Bd7 14. Qd3 Kf7 15.
Re3 Rh8 16. Rae1 g5 17. Nf1 g4 18. N3d2 Rh6 19. Ng3 Rah8 20. Ndf1 f5 21. R3e2 f4 22. Nh1 Ne7 23. f3 g3 24. h3 Nf5 25.
Re5 g5 26. Nd2 R8h7 27. b3 Qb8 28. c4 Qh8 29. cxd5 Rxh3 30. gxh3 Rxh3 31. Kf1 Rxh1+ 32.
Ke2 Qh2+ 33. Kd1 Rxe1+ 34. Kxe1 g2 35. dxe6+ Kg7 36. Kd1 g1=Q+ 37. Kc2 Ne3+ 38. Kb2 Qgg2 39. Kc3 Bxe6 40. Rxe6 Nd5+ 41. Kc4 Ne3+ 42. Kc5 Qh5 43. Qe4 g4+ 44. Re5 Qf7 45. Re7 Kf8 46. Rxf7+ Kxf7 47. Qxf4+ Kg6 48. Qxe3 g3 49. Ne4 Qh2 50. Qg5+ Kh7 51.
Nf6+ 1-0

[Event "Late-Titled-Tuesday-Blitz-April-16-2024"]
[Site "Chess.com"]
[Date "2024.04.16"]
[Round "5"]
[White "JoakimVonAnd"]
[Black "KaydenTroffChess"]
[Result "0-1"]
[WhiteElo "2688"]
[BlackElo "2872"]
[TimeControl "180+1"]
[EndTime "14:53:59 PDT"]
[Termination "KaydenTroffChess won by resignation"]

1. d4 Nf6 2. c4 g6 3. Nc3 d5 4.
Bf4 Bg7 5. e3 O-O 6. Rc1 c5 7.
dxc5 Qa5 8. cxd5 Rd8 9. Bc4 Be6 10. Qa4 Qxa4 11. Nxa4 Nxd5 12. Ne2 Nc6 13. O-O Na5 14.
Bxd5 Rxd5 15. b4 Nc6 16. a3 Rd3 17. Nec3 Bb3 18. b5 Na5 19. c6 bxc6 20. bxc6 Nxc6 21. Nc5 Rxc3 22. Rxc3 Bxc3 23. Nxb3 Bb2 24. a4 e5 25.
Bh6 f6 26. Rb1 Ba3 27. Nd2 Rb8 28. Rxb8+ Nxb8 29. e4 g5 30. h4 gxh4 31. Be3 a6 32.
Nf3 Nd7 33. Nxh4 Bc5 34. Bd2 Nb6 35. a5 Nc4 36. Be1 Kf7 37. Kf1 Bd6 38. Ke2 Bc7 39.
Nf5 Nxa5 40. Kd3 Nc6 41. Kc4 Ne7 42. Ne3 Ke6 43. Kc5 Bd8 44. Nd5 Nxd5 45. exd5+ Kd7 46.
g4 Be7+ 47. Kb6 Bd8+ 48. Kxa6 Kd6 49. Kb5 Kxd5 50. f3 Kd4 51. Bd2 Kd3 52. Bh6 Ke2 53. f4 e4 54. f5 Kf3 55. g5 fxg5 56. Bg7 e3 57. f6 Bxf6 58. Bxf6 e2 59. Bc3 0-1

[Event "Late-Titled-Tuesday-Blitz-April-16-2024"]
[Site "Chess.com"]
[Date "2024.04.16"]
[Round "5"]
[White "zano2023"]
[Black "FREZZY23"]
[Result "0-1"]
[WhiteElo "2168"]
[BlackElo "2406"]
[TimeControl "180+1"]
[EndTime "14:54:02 PDT"]
[Termination "FREZZY23 won on time"]

1. d4 Nf6 2. Nd2 d5 3. Ngf3 g6 4. e3 Bg7 5. Bd3 O-O 6. O-O c5 7. c3 Nc6 8. Re1 Bg4 9. h3 Bd7 10. dxc5 e5 11. e4 Be6 12. Qe2 Qa5 13. b4 Qc7 14. a4 Rac8 15. exd5 Nxd5 16. Ne4 f5 17. Nd6 Nxc3 18. Qc2 e4 19. Ng5 Bd5 20. Bf1 Nxb4 21. Qd2 Rcd8 22. Bb2 Qxc5 23. Rac1 Nba2 24. Nb5 Bb3 25.
Qf4 Nxc1 26. Rxc1 h6 27. Bxc3 hxg5 28. Qxg5 e3 29. Qxg6 exf2+ 30. Kh1 Qe7 31. Nd4 Qf7 32. Qg3 f4 33. Qg4 Bd5 34. Nf5 Be6 35. Nh6+ Kh7 36. Nxf7 Bxg4 37. Nxd8 Rxd8 38. hxg4 Bxc3 39. g3 f3 40. Kh2 Bd2 41. Rd1 Kg6 42. Bh3 Kg5 43. Rb1 Be1 44. Rb5+ Kf6 45. Rf5+ Ke7 46. Rxf3 Rh8 47.
g5 a6 48. g4 b5 49. Kg2 bxa4 50. Re3+ Kf7 51. Rf3+ Kg6 52. Rf5 a3 53. Ra5 Rxh3 54.
Rxa6+ Kxg5 0-1

[Event "Late-Titled-Tuesday-Blitz-April-16-2024"]
[Site "Chess.com"]
[Date "2024.04.16"]
[Round "5"]
[White "1g60-1"]
[Black "volcanoexplorer"]
[Result "1/2-1/2"]
[WhiteElo "2444"]
[BlackElo "2632"]
[TimeControl "180+1"]
[EndTime "14:54:04 PDT"]
[Termination "Game drawn by stalemate"]

1. e4 e5 2. Nf3 Nc6 3. Bb5 a6 4. Ba4 Nf6 5. d3 b5 6. Bb3 Bc5 7. c3 d6 8. O-O O-O 9. h3 Bb6 10. Re1 Ne7 11. Nbd2 Ng6 12. Nf1 c5 13. d4 c4 14. Bc2 Bb7 15. Ng3 Re8 16. a4 exd4 17.
cxd4 b4 18. Nd2 Rc8 19. Qe2 d5 20. a5 Bxd4 21. Nf3 dxe4 22. Nxd4 Qxd4 23. Be3 Qe5 24. Ba4 Re7 25. Rac1 c3 26. bxc3 bxc3 27. Bb6 Nd5 28. Qg4 Nxb6 29. axb6 Qf4 30. Qe2 Qd6 31. Nf5 Qxb6 32.
Nxe7+ Nxe7 33. Qg4 f5 34. Qf4 Qf6 35. Red1 Kf8 36.
Rd7 Bc6 37. Bxc6 Qxc6 38. Rd6 Qc7 39. Qe5 c2 40. g3 Kg8 41. h4 Kh8 42. Qe6 Ng6 43.
h5 Nf8 44. Qd5 Re8 45. Rxc2 e3 46. Rxc7 e2 47. Re6 Nxe6 48. Qxe6 e1=Q+ 49. Qxe1 Rxe1+ 50. Kg2 Re8 51. Ra7 g6 52. h6 Rg8 53. Rxa6 g5 54.
Kf3 f4 55. gxf4 gxf4 56. Kxf4 Rf8+ 57. Kg3 Rc8 58. f4 Rb8 59. Kg4 Rg8+ 60. Kf5 Rf8+ 61. Kg5 Rb8 62. f5 Rg8+ 63. Kh5 Rb8 64. Ra7 Kg8 65.
Rg7+ Kh8 66. f6 Rb5+ 67. Kg4 Rb4+ 68. Kf5 Rf4+ 69. Ke5 Rxf6 70. Kxf6 1/2-1/2

[Event "Late-Titled-Tuesday-Blitz-April-16-2024"]
[Site "Chess.com"]
[Date "2024.04.16"]
[Round "5"]
[White "BabageldiAnnaberdiyev"]
[Black "tgpgoat"]
[Result "1-0"]
[WhiteElo "2603"]
[BlackElo "2430"]
[TimeControl "180+1"]
[EndTime "14:54:04 PDT"]
[Termination "BabageldiAnnaberdiyev won by resignation"]

1. e4 c5 2. Nf3 e6 3. d3 Nc6 4. Nbd2 a6 5. g3 Qc7 6. Bg2 Nf6 7. O-O d6 8. Re1 Be7 9. a4 O-O 10. c3 b6 11. Qe2 Bb7 12. Nf1 Nd7 13. h4 Nce5 14. N3h2 d5 15. exd5 exd5 16. d4 cxd4 17. cxd4 Nc6 18. Bf4 Bd6 19. Bxd6 Qxd6 20. Qd2 Nf6 21.
Ne3 Na5 22. b4 Nb3 23. Qa2 Nxa1 24. Qxa1 Qxb4 25. Rb1 Qd6 26. Nf3 Ne4 27. Ne5 b5 28. axb5 axb5 29. Qb2 Ba6 30. Qb4 Rfd8 31. Nf5 Qxb4 32.
Rxb4 Kf8 33. Rb2 Rac8 34. Kh2 f6 35. Nd3 Rc4 36. h5 g6 37. hxg6 hxg6 38. Nh4 Kg7 39. Nf4 Rb8 40. Nfxg6 b4 41. Ne7 Nc3 42. Nhf5+ Kf7 43.
Nxd5 Ke6 44. Nfe3 Rxd4 45. Nc7+ Kd7 46. Nxa6 Rb6 47. Nc5+ Kd6 48. Nb3 Rd3 49. Nc4+ Kc7 50. Nxb6 Kxb6 51. Nc1 Rd1 52. Na2 Nxa2 53. Rxa2 Kc5 54.
Rb2 Kc4 55. Bh3 Kc3 56. Re2 b3 57. Be6 b2 58. Bf5 b1=Q 59. Bxb1 Rxb1 60. Re6 f5 61. Re5 f4 62. gxf4 Kd4 63. Kg3 Rb3+ 64. f3 Rb1 65.
Re8 Rg1+ 66. Kh4 Kd5 67. f5 Kd6 68. f6 Rg6 69. f7 Rf6 70. f8=Q+ Rxf8 1-0

[Event "Late-Titled-Tuesday-Blitz-April-16-2024"]
[Site "Chess.com"]
[Date "2024.04.16"]
[Round "5"]
[White "Sanan_Sjugirov"]
[Black "Nimrod_Veinberg"]
[Result "1/2-1/2"]
[WhiteElo "3017"]
[BlackElo "2738"]
[TimeControl "180+1"]
[EndTime "14:54:06 PDT"]
[Termination "Game drawn by repetition"]

1. e4 c5 2. Nc3 e6 3. Nf3 a6 4.
d4 cxd4 5. Nxd4 b5 6. Bd3 Bb7 7. O-O Nc6 8. Nxc6 Bxc6 9. Re1 Ne7 10. Qh5 Ng6 11. a4 Bb4 12. Bd2 O-O 13. axb5 axb5 14. Rxa8 Qxa8 15. Bxb5 Rb8 16. Bd3 Bd6 17. b3 Nf4 18.
Bxf4 Bxf4 19. Ne2 g6 20. Qc5 d6 21. Qd4 Be5 22. Qe3 Qa5 23. Rf1 Ra8 24. Nd4 Bd7 25. Nf3 Bg7 26. Rd1 Qc7 27. h3 Bc6 28. Nd4 Bd7 29. Nf3 Bc6 30. b4 Bb7 31. c4 Ra3 32. Qc1 Rc3 33. Qb1 f5 34. c5 dxc5 35. bxc5 Rxc5 36.
Qa2 Qc6 37. Ng5 Rc1 38. Be2 Rxd1+ 39. Bxd1 Bc8 40. exf5 Qc1 41. Qc2 Qxc2 42. Bxc2 exf5 43. Bb3+ Kf8 44. Nxh7+ Ke7 45. Ng5 Bf6 46. Nf3 Bb7 47.
Ne1 Be4 48. Bc2 Bc3 49. Nd3 Bxd3 50. Bxd3 Kf6 51. g3 g5 52. Kg2 f4 53. gxf4 gxf4 54. h4 Kg7 55. Kf3 Bd4 56. Kg2 Kh6 57. f3 Kh5 58. Kh3 Bf2 59. Bc4 Kh6 60. Kg4 Bg3 61.
h5 Bh2 62. Bf7 Bg3 63. Bg6 Bh2 64. Be4 Bg3 65. Bg6 Bh2 66. Be4 Bg3 67. Bg6 1/2-1/2

[Event "Late-Titled-Tuesday-Blitz-April-16-2024"]
[Site "Chess.com"]
[Date "2024.04.16"]
[Round "5"]
[White "LUISMIGUELOV"]
[Black "SergioMoralesG"]
[Result "0-1"]
[WhiteElo "2185"]
[BlackElo "2431"]
[TimeControl "180+1"]
[EndTime "14:54:06 PDT"]
[Termination "SergioMoralesG won on time"]

1. d4 d5 2. c3 Nf6 3. Bf4 e6 4. Nd2 c5 5. e3 Bd6 6. Bxd6 Qxd6 7. Bd3 O-O 8. f4 b6 9. Qe2 a5 10. Ngf3 Ba6 11. Bxa6 Nxa6 12. Ne5 Nd7 13. O-O f6 14. Nxd7 Qxd7 15. a4 Nb8 16. dxc5 bxc5 17. c4 Nc6 18.
cxd5 exd5 19. Qb5 c4 20. e4 Qa7+ 21. Kh1 Nb4 22. exd5 Rfc8 23. Nxc4 Rc5 24. Qb6 Rxc4 25. Qe6+ Qf7 26. f5 Nxd5 27. b3 Qxe6 28. fxe6 Re4 29. Rae1 Rxe1 30. Rxe1 Kf8 31. g4 Ke7 32. Kg2 Rb8 33.
Rb1 Kxe6 34. Kf3 Rb4 35. h3 Ke5 36. Re1+ Kd6 37. Rb1 Nb6 38. h4 Ke5 39. Re1+ Kd6 40. Rd1+ Nd5 41. Rb1 g6 42. h5 gxh5 43. gxh5 Rh4 44.
Rg1 Rxh5 45. Rg7 Rh3+ 46. Kg4 Rxb3 47. Rxh7 Rb4+ 48. Kf5 Rxa4 49. Ra7 Kc6 50. Ke6 Re4+ 51. Kf5 Re5+ 52. Kg4 Kb5 53. Rf7 a4 54. Rb7+ Nb6 55.
Ra7 Kb4 56. Kf4 a3 57. Ra6 Rb5 58. Ke4 Kb3 0-1

[Event "Late-Titled-Tuesday-Blitz-April-16-2024"]
[Site "Chess.com"]
[Date "2024.04.16"]
[Round "5"]
[White "rikchessmx"]
[Black "Hakiki_satranc"]
[Result "1-0"]
[WhiteElo "2220"]
[BlackElo "2421"]
[TimeControl "180+1"]
[EndTime "14:54:06 PDT"]
[Termination "rikchessmx won by checkmate"]

1. e4 c5 2. Nf3 Nc6 3. d4 cxd4 4. Nxd4 Nf6 5. Nc3 e5 6. Ndb5 d6 7. a4 Be6 8. Na3 d5 9. exd5 Nxd5 10. Nxd5 Bxd5 11.
Nc4 Bc5 12. Qg4 O-O 13. Bg5 f6 14. Bh6 Qe7 15. O-O-O Be6 16. Qg3 Nd4 17. Be3 Nf5 18. Qf3 Nxe3 19. Nxe3 Rac8 20. Kb1 Kh8 21. Nf5 Qc7 22.
Bd3 Qa5 23. Qe4 Qb4 24. Qxb4 Bxb4 25. c3 Bc5 26. f3 Rfd8 27. Bc2 g6 28. Ng3 Kg7 29.
Ne4 Be7 30. g4 b6 31. h4 Bc4 32. h5 Be2 33. Rxd8 Rxd8 34. Rh3 Bd1 35. hxg6 Bxc2+ 36. Kxc2 hxg6 37. Rh2 Rd5 38. Rd2 Rxd2+ 39. Kxd2 f5 40. gxf5 gxf5 41. Ng3 Kg6 42. Ke2 Kg5 43. Nf1 Kf4 44.
Ne3 Bc5 45. Nd5+ Kg3 46. b4 Bd6 47. c4 e4 48. fxe4 f4 49. a5 Kg2 50. Nxf4+ Bxf4 51. axb6 axb6 52. Kd3 Kf3 53. Kd4 Bd2 54. c5 b5 55. c6 Be3+ 56. Kd5 Bb6 57. e5 Ke3 58. e6 Bd8 59. Kd6 Kd4 60. e7 Bxe7+ 61. Kxe7 Kc4 62.
c7 Kxb4 63. c8=Q Kb3 64. Kd6 b4 65. Kd5 Kb2 66. Kd4 b3 67. Kd3 Kb1 68. Kc3 b2 69. Qf5+ Ka1 70. Qa5+ Kb1 71. Qb4 Kc1 72. Qxb2+ Kd1 73.
Qd2# 1-0

[Event "Late-Titled-Tuesday-Blitz-April-16-2024"]
[Site "Chess.com"]
[Date "2024.04.16"]
[Round "5"]
[White "IPAchess"]
[Black "masnyszachistaaa"]
[Result "0-1"]
[WhiteElo "2392"]
[BlackElo "2572"]
[TimeControl "180+1"]
[EndTime "14:54:07 PDT"]
[Termination "masnyszachistaaa won by resignation"]

1. d4 Nf6 2. c4 g6 3. Nf3 Bg7 4. Nc3 O-O 5. Bg5 d6 6. e3 Nbd7 7. Be2 c6 8. Qc2 e5 9. Rd1 Qc7 10. h3 Re8 11. O-O a5 12. Bh4 Nf8 13. c5 dxc5 14.
dxe5 N6d7 15. Ne4 Nxe5 16. Nxe5 Qxe5 17. Nd6 Re6 18. Nc4 Qe4 19. Qxe4 Rxe4 20. Bg3 Be6 21.
Nd6 Rb4 22. b3 a4 23. bxa4 Raxa4 24. Rd2 Rxa2 25. Rxa2 Bxa2 26. Rc1 Ne6 27. h4 h5 28.
f3 Bb2 29. Rc2 Bb1 30. Rd2 Bc1 31. Rd1 Bxe3+ 32. Kh2 b5 33. Nc8 Kf8 34. Bd6+ Kg7 35. Ne7 Rb2 36. Bf1 Bf4+ 37. Bxf4 Nxf4 38. Nxc6 c4 39.
Rd7 c3 40. Rc7 b4 41. Ne5 Ba2 42. Kg3 Ne6 43. Rxf7+ Kg8 44. Rf6 c2 45. Rxg6+ Kh7 46. Bd3 c1=Q 47. Rxe6+ Kg7 48. Rg6+ Kf8 49. Rf6+ Ke7 50.
Rf4 Qc7 51. Ng6+ Kd8 52. Be4 Bf7 53. Nh8 Rxg2+ 54. Kxg2 Qxf4 55. Nxf7+ Qxf7 56. Kf2 b3 57. Ke3 b2 58. Bd3 Qb3 59. Kf4 Qxd3 0-1

[Event "Late-Titled-Tuesday-Blitz-April-16-2024"]
[Site "Chess.com"]
[Date "2024.04.16"]
[Round "5"]
[White "Hikaru"]
[Black "Hrant_ChessMood"]
[Result "1-0"]
[WhiteElo "3278"]
[BlackElo "2980"]
[TimeControl "180+1"]
[EndTime "14:54:08 PDT"]
[Termination "Hikaru won by resignation"]

1. d4 d5 2. Bg5 h6 3. Bf4 Bf5 4. c4 e6 5. Nc3 Nf6 6. e3 Bb4 7. Ne2 O-O 8. a3 Bd6 9. cxd5 exd5 10. Qb3 b6 11. h3 Nc6 12. g4 Bg6 13. g5 Na5 14.
Qa2 hxg5 15. Bxg5 c6 16. Rg1 Re8 17. h4 Be7 18. b4 Nc4 19. Nf4 Nd6 20. Nxg6 fxg6 21.
Bd3 Nf5 22. b5 Kh7 23. bxc6 Rc8 24. Ne2 Rxc6 25. Bb5 Rc8 26. Bxe8 Qxe8 27. Rc1 Rxc1+ 28. Nxc1 Ne4 29. Bxe7 Qxe7 30. Nd3 Nxd4 31. Kf1 Nf3 32. Rh1 Nfd2+ 33. Ke1 Nf3+ 34. Kf1 Nfd2+ 35. Kg2 Qe6 36.
f3 Qf5 37. Nf4 d4 38. Qd5 dxe3 39. Qxf5 gxf5 40. fxe4 Nxe4 41. Re1 Kh6 42. Rxe3 g5 43.
hxg5+ Kxg5 44. Nh3+ Kg4 45. Nf2+ Kf4 46. Rf3+ Ke5 47.
Nxe4 fxe4 48. Rh3 Kd4 49. Kf2 b5 50. Ke2 a5 51. Kd2 b4 52. axb4 axb4 53. Rg3 Kc4 54. Kc2 Kd4 55. Rh3 Kc4 56. Rh8 b3+ 57. Kd2 b2 58. Kc2 Kd4 59. Kxb2 Kd3 60. Kc1 Ke2 61. Re8 e3 62. Kc2 1-0

[Event "Late-Titled-Tuesday-Blitz-April-16-2024"]
[Site "Chess.com"]
[Date "2024.04.16"]
[Round "5"]
[White "ekurtz"]
[Black "DinaBelenkaya"]
[Result "1-0"]
[WhiteElo "2598"]
[BlackElo "2427"]
[TimeControl "180+1"]
[EndTime "14:54:08 PDT"]
[Termination "ekurtz won by resignation"]

1. c4 e6 2. g3 d6 3. Bg2 g6 4. Nc3 Bg7 5. e4 e5 6. Nge2 Be6 7. d3 Ne7 8. h3 O-O 9. O-O Nbc6 10. Be3 Nd4 11. f4 Nec6 12. Qd2 Qd7 13. Kh2 f5 14. Nd5 Rae8 15. Rae1 Nxe2 16. Qxe2 Nd4 17. Qd2 c6 18. Nc3 a6 19. b3 b5 20. exf5 Nxf5 21. Bg1 b4 22. Ne4 Nd4 23. Bxd4 exd4 24. Qxb4 c5 25. Qd2 Bh6 26. Re2 Kh8 27. Rfe1 Bf5 28. Qa5 Bxe4 29.
Rxe4 Rxe4 30. Rxe4 g5 31. fxg5 Bxg5 32. Qe1 Bf6 33. Bf3 Qg7 34. Bg4 Be5 35. Kg2 Qg5 36.
h4 Qg7 37. Kh3 Rg8 38. h5 Qg5 39. Qf2 Kg7 40. Qf5 Qxf5 41. Bxf5 h6 42. Rg4+ Kf8 43. Rxg8+ Kxg8 44. Be4 Kg7 45. Kg4 Kf6 46. a4 a5 47.
Kf3 Kg5 48. g4 Kf6 49. Bg6 Ke6 50. Ke4 Bf6 51. Bf5+ Ke7 52. Kd5 Be5 53. Kc6 Kd8 54. Kb5 Kc7 55. Kxa5 Kc6 56. Be4+ Kc7 57. Kb5 Bf6 58.
a5 Kb8 59. a6 Ka7 60. Bb7 Be5 61.
Kc6 Bf4 62. Kd5 Kb6 63. Ke4 Bg5 64. Kf5 Ka7 65. Ke6 Bf4 66. Kd7 Kb8 67. Kc6 Ka7 68.
Kb5 Be5 69. b4 cxb4 70. Kxb4 Bf4 71. Kb5 Bg5 72. Kc6 Bf4 73. Kd5 Be5 74. c5 dxc5 75.
Kxe5 c4 76. dxc4 d3 77. Bf3 d2 78. Bd1 1-0